 Dungeon Crawl Stone Soup version 0.26-a0-49-g0e6732e0a6 (console) character file.

Game seed: 15588388843303882993

375 Kagalorn the Slasher (level 6, -9/37 HPs)
             Began as a Gargoyle Fighter on June 4, 2020.
             Mangled by Menkaure (19 damage)
             ... on level 3 of the Dungeon.
             The game lasted 00:06:35 (3074 turns).

Kagalorn the Slasher (Gargoyle Fighter)             Turns: 3074, Time: 00:06:35

Health: -9/37      AC: 12    Str: 20    XL:     6   Next: 72%
Magic:  6/6        EV:  7    Int: 10    God:
Gold:   149        SH:  9    Dex:  9    Spells: 5/5 levels left

rFire    . . .     SeeInvis .   a - +0 long sword
rCold    . . .     Gourm    .   c - +0 kite shield
rNeg     + . .     Faith    .   b - +0 scale mail
rPois    ∞         Spirit   .   (no helmet)
rElec    +         Reflect  .   (no cloak)
rCorr    .         Harm     .   (no gloves)
MR       .....                  h - +0 pair of boots
Stlth    ..........             (no amulet)
HPRegen  0.12/turn              (no ring)
MPRegen  0.10/turn              (no ring)

@: no status effects
A: negative energy resistance 1, electricity resistance, unbreathing,
petrification resistance, rot immunity, AC +4
a: no special abilities


You were on level 3 of the Dungeon.
You were not hungry.

You visited 1 branch of the dungeon, and saw 4 of its levels.

You collected 149 gold pieces.

Inventory:

Hand Weapons
 a - a +0 long sword (weapon)
Armour
 b - a +0 scale mail (worn)
 c - a +0 kite shield (worn)
 h - a +0 pair of boots (worn)
Scrolls
 e - 2 scrolls of teleportation {unknown}
 i - 3 scrolls of remove curse
 k - a scroll of identify {unknown}
 l - 2 scrolls of amnesia {unknown}
 n - a scroll of fog {unknown}
Potions
 d - a potion of might
 j - a potion of stabbing {unknown}
 m - a potion of curing
 o - a potion of flight {unknown}
Comestibles
 f - 4 rations
 g - a chunk of flesh


   Skills:
 - Level 3.2 Fighting
 + Level 6.3 Long Blades
 - Level 3.2 Armour
 - Level 3.2 Shields


You had 5 spell levels left.
You didn't know any spells.
Your spell library was empty.

Dungeon Overview and Level Annotations

Branches:
Dungeon (4/15)
 Temple: D:4-7

Altars:
Makhleb
Ru
Wu Jian

Annotations:
D:3 Menkaure


Innate Abilities, Weirdness & Mutations

You are resistant to torment.
Your stone body is resilient. (AC +4)
You are immune to poison.
You resist negative energy. (rN+)
You are resistant to electric shocks. (rElec)
You can survive without breathing.
You are immune to petrification.
You are immune to rotting.


Message History

Menkaure is heavily damaged.
You barely miss Menkaure.
Menkaure is heavily damaged.
Menkaure mumbles in an indecipherable tongue.
Menkaure hits you!
* * * LOW HITPOINT WARNING * * *
There is a stone staircase leading up here.
You block Menkaure's attack.
You climb upwards.
There is a stone staircase leading down here.
Okay, then.
It was a potion of curing.
You feel better. You block Menkaure's attack.
You slash Menkaure!
Menkaure is almost destroyed.
You block Menkaure's attack.
You hit Menkaure but do no damage.
Menkaure is severely damaged.
Menkaure hits you!!
Ouch! That really hurt!
You die...

################
...............#
##############.#
##############.###
................@#
##############'#M#
##...............#
.+...............#
##...............######
......................#
................#####.#
................#####.#
.....##.....####).....#


You could see Menkaure.

Vanquished Creatures
  An orc priest (D:3)
  6 orc wizards
  Jessica (D:3)
  3 adders
  3 gnolls (D:2)
  A worm (D:3)
  3 dart slugs
  2 leopard geckos
  7 orcs
  7 giant cockroaches
  9 goblins
  8 hobgoblins
  8 jackals
  A quokka (D:2)
  A ball python (D:3)
  12 bats
  5 frilled lizards
  7 kobolds
  5 rats
90 creatures vanquished.

Notes
Turn   | Place    | Note
-------+----------+-------------------------------------------
     0 | D:1      | Kagalorn the Gargoyle Fighter began the quest for the Orb.
     0 | D:1      | Reached XP level 1. HP: 14/14 MP: 1/1
    44 | D:1      | Reached skill level 2 in Long Blades
    54 | D:1      | Reached XP level 2. HP: 18/19 MP: 2/2
   314 | D:1      | Reached skill level 3 in Long Blades
   361 | D:1      | Reached XP level 3. HP: 23/23 MP: 3/3
   829 | D:2      | Found a sacrificial altar of Ru.
   892 | D:2      | Reached XP level 4. HP: 28/28 MP: 4/4
   914 | D:2      | Reached skill level 4 in Long Blades
   934 | D:2      | Found a burning altar of Makhleb.
  1543 | D:3      | Noticed Jessica
  1544 | D:3      | Found an ornate altar of the Wu Jian Council.
  1553 | D:3      | Killed Jessica
  1553 | D:3      | Reached XP level 5. HP: 29/32 MP: 5/5
  1755 | D:2      | Reached skill level 5 in Long Blades
  1940 | D:2      | Reached XP level 6. HP: 6/37 MP: 6/6
  2552 | D:3      | Reached skill level 6 in Long Blades
  3010 | D:4      | Noticed Menkaure
  3068 | D:4      | HP: 1/37 [Menkaure (10)]
  3074 | D:3      | Mangled by Menkaure

Illustrated notes

Levels and vault maps discovered:
D:1:      saegor_arrival_simple_d, layout_rooms
D:2:      layout_basic, lemuel_coloured_pillars_altar,
          nicolae_overflow_crystal_walls, first_ration
D:3:      layout_basic, nicolae_overflow_hidden_temple, uniq_jessica
D:4:      layout_gridville, old_standard_altar, overflow_temple_1_default,
          cheibriados_altar_1, uniq_menkaure, uniq_grinder

Skill      XL: |  1  2  3  4  5  6 |
---------------+-------------------+-----
Long Blades    | 2 3 4 5 6 |  6.3
Fighting       | |  3.2
Armour         | |  3.2
Shields        | |  3.2

Action                   |  1- 3 |  4- 6 || total
-------------------------+-------+-------++-------
Melee: Long sword        |    99 |   275 ||   374
  Use: Potion            |       |     2 ||     2
       Scroll            |       |     1 ||     1
  Eat: Chunk             |       |     8 ||     8
Armor: Scale mail        |    67 |   152 ||   219
Dodge: Dodged            |    39 |    92 ||   131
Block: Kite shield       |    56 |   147 ||   203
       Rpst.: Long sword |    10 |    24 ||    34

Table legend:
 A = Non-vault XP
 B = Vault XP
 C = Vault XP percentage of total XP
 D = Non-vault monster count
 E = Vault monster count
 F = Vault count percentage of total count
                 A         B        C        D         E       F
            +---------+---------+-------+---------+---------+-------
      Total |     499 |      37 |   6.9 |      89 |       1 |   1.1
            +---------+---------+-------+---------+---------+-------
        D:1 |      54 |       0 |   0.0 |      28 |       0 |   0.0
        D:2 |     176 |       0 |   0.0 |      25 |       0 |   0.0
        D:3 |     265 |      37 |  12.3 |      35 |       1 |   2.8
        D:4 |       4 |       0 |   0.0 |       1 |       0 |   0.0
            +---------+---------+-------+---------+---------+-------
